 Dungeon Crawl Stone Soup version 0.28.0-62-gf88900778d (webtiles) character file.

Game seed: 13981729652736520296

7 cbfl8 the Chopper (level 1, -1/20 HPs)
             Began as a Minotaur Berserker on Jan 18, 2024.
             Was a Follower of Trog.
             Slain by a goblin
             ... wielding a +0 dagger
             ... led by Robin
              (2 damage)
             ... on level 2 of the Dungeon.
             The game lasted 00:00:21 (618 turns).

cbfl8 the Chopper (Minotaur Berserker)               Turns: 618, Time: 00:00:21

Health: -1/20      AC:  2    Str: 21    XL:     1   Next: 83%
Magic:  0/0        EV: 12    Int:  4    God:    Trog [*.....]
Gold:   88         SH:  0    Dex:  9    Spells: 0/0 levels left

rFire   . . .      SeeInvis .   a - +0 hand axe
rCold   . . .      Faith    .   (no shield)
rNeg    . . .      Spirit   .   b - +0 animal skin
rPois   .          Reflect  .   (helmet restricted)
rElec   .          Harm     .   (no cloak)
rCorr   .          Rampage  .   (no gloves)
Will    .....                   (no boots)
Stlth   +.........              (no amulet)
HPRegen 0.06/turn               (no ring)
MPRegen 0.07/turn               (no ring)

@: no status effects
A: horns 2, retaliatory headbutt
a: Renounce Religion, Berserk


You were on level 2 of the Dungeon.
You worshipped Trog.
Trog was aware of your devotion.
You visited 1 branch of the dungeon, and saw 2 of its levels.

You collected 88 gold pieces.

Inventory:

Hand Weapons
 a - a +0 hand axe (weapon)
Armour
 b - a +0 animal skin (worn)
Scrolls
 d - a scroll of teleportation {unknown}
 e - a scroll of fear {unknown}
 g - a scroll of magic mapping {unknown}
 i - a scroll of blinking {unknown}
 j - a scroll of acquirement {unknown}
Potions
 c - a potion of heal wounds {unknown}
 f - 2 potions of resistance {unknown}
 h - a potion of experience {unknown}
 k - a potion of degeneration {unknown}


   Skills:
 + Level 3.8 Fighting
 + Level 3.8 Axes
 + Level 2.5 Armour
 - Level 2.1 Dodging
 * Level 0.3 Evocations


You couldn't memorise any spells.
You didn't know any spells.
Your spell library was empty.

Dungeon Overview and Level Annotations

Branches:
Dungeon (2/15)

Altars:

Annotations:
D:2 Robin


Innate Abilities, Weirdness & Mutations

You have a pair of horns on your head.
You reflexively headbutt those who attack you in melee.


Message History

A goblin comes into view. It is wielding a +0 dagger.
The goblin moves out of view.
You hear a shout! x3
Robin, a hobgoblin and 3 goblins come into view.
Robin shouts!
The hobgoblin shouts!
The goblin shouts! x3
The bat barely misses you.
Robin roars a battlecry!
The goblins go into a battle-frenzy!
There is an open door here.
Unknown command.
Found 9 gold pieces.
The bat misses you. Robin throws the goblin at you!
The goblin hits you with a +0 dagger.
A goblin comes into view. It is wielding a +0 dagger.
The goblin hits you with a +0 dagger.
The goblin shouts!
You are too injured to fight recklessly!
Unknown command.
Unknown command.
Unknown command.
You are too injured to fight recklessly!
Unknown command.
You are too injured to fight recklessly!
Unknown command.
You barely miss the goblin. Your headbutt misses the goblin.
You closely miss the goblin. You hit the goblin but do no damage.
You closely miss the goblin. The goblin barely misses you.
The goblin hits you with a +0 dagger.
* * * LOW HITPOINT WARNING * * *
The goblin barely misses you. The goblin hits you with a +0 dagger.
* * * LOW HITPOINT WARNING * * *
You barely miss the goblin. You hit the goblin.
You kill the goblin!
Trog accepts your kill.
You hit the goblin but do no damage. You hit the goblin.
You kill the goblin!
Trog accepts your kill. The bat barely misses you.
The goblin hits you with a +0 dagger.
* * * LOW HITPOINT WARNING * * *
The goblin hits you with a +0 dagger.
You die...

### ### #.b
#.#+#####
#.g##.......#
#.g@g.......#
#.g..g##.......#
#.g#.$#'<......#
## #..##.......#
... +.......#
#.#. #.......#
.... .#..#####
..... . ... .
.###


You could see Robin, a hobgoblin (strong), 4 goblins and a bat.

Vanquished Creatures
  An endoplasm (D:1)
  3 goblins
  A hobgoblin (D:1)
  A kobold (D:1)
  2 frilled lizards (D:1)
8 creatures vanquished.

Notes
Turn   | Place    | Note
-------+----------+-------------------------------------------
     0 | D:1      | cbfl8 the Minotaur Berserker began the quest for the Orb.
     0 | D:1      | Reached XP level 1. HP: 19/19 MP: 0/0
   615 | D:2      | Noticed Robin
   618 | D:2      | HP: 1/20 [goblin/+0 dagger[Robin] (3)]
   618 | D:2      | Slain by a goblin

Illustrated notes

Levels and vault maps discovered:
D:1:      dpeg_chamrin_arrival_tetris, layout_basic,
          nicolae_concentric_dashed_squares_mild, minmay_heptomino_d4
D:2:      layout_basic, grunt_decor_mini_mirrors, uniq_robin

Action                   || total
-------------------------++-------
Melee: Hand axe          ||    13
       Headbutt          ||     3
Dodge: Dodged            ||    13
